 Dungeon Crawl Stone Soup version 0.31-a0-202-g547052bce9 (webtiles) character file.

Game seed: 16449955347396025120

7 qw the Shooter (level 1, 0/12 HPs)
             Began as a Deep Elf Hunter on June 26, 2023.
             Succumbed to their own poison gas
             ... on level 1 of the Dungeon.
             The game lasted 00:00:09 (379 turns).

qw the Shooter (Deep Elf Hunter)                     Turns: 379, Time: 00:00:10

Health: 0/12       AC:  5    Str:  8    XL:     1   Next: 91%
Magic:  3/3        EV: 10    Int: 13    God:
Gold:   22         SH:  0    Dex: 18    Spells: 0/0 levels left

rFire   . . .        Y - +0 shortbow
rCold   . . .        (shield currently unavailable)
rNeg    . . .        e - +0 ring mail
rPois   .            (no helmet)
rElec   .            (no cloak)
rCorr   .            (no gloves)
SInv    +            (no boots)
Will    .....        (no amulet)
Stlth   +            d - ring of see invisible
HPRegen 0.22/turn    (no ring)
MPRegen 0.08/turn

%: no passive effects
@: lethally poisoned (0 -> -19)
A: no striking features
a: no special abilities


You were on level 1 of the Dungeon.
You visited 1 branch of the dungeon, and saw 1 of its levels.

You collected 22 gold pieces.


   Skills:
 - Level 1.5 Fighting
 + Level 5.9 Ranged Weapons
 - Level 2.4 Dodging
 - Level 1.2 Stealth


You couldn't memorise any spells.
You didn't know any spells.
Your spell library was empty.

Inventory:

Hand Weapons
 Y - a +0 shortbow (weapon)
Armour
 e - a +0 ring mail (worn)
Jewellery
 d - a ring of see invisible (left hand)
Scrolls
 i - a scroll of identify
Potions
 h - a potion of heal wounds {unknown}

Dungeon Overview and Level Annotations

Branches:
Dungeon (1/15)

Altars:

Shops:
D:1 ?


Message History

You feel momentarily disoriented.
It was a scroll of revelation.
Enter note:
Enter note:
Enter note:
Enter note: Done exploring.
375 ||| READING scroll labelled QEMMURCHUTEI.
As you read the scroll labelled QEMMURCHUTEI, it crumbles to dust.
It is a scroll of amnesia.
You feel forgetful for a moment.
Done exploring.
376 ||| READING 2 scrolls of identify.
As you read the scroll of identify, it crumbles to dust.
f - a potion of berserk rage
376 ||| IDENTIFYING bubbling ruby potion Done exploring.
377 ||| DROPPING scroll of butterflies.
You drop a scroll of butterflies.
Done exploring.
378 ||| DROPPING potion of berserk rage.
You drop a potion of berserk rage.
Done exploring.
(D) Dungeon
Where to? (* - list waypoints, ? - help)
What level of the Dungeon? (default 1, ? - help) Sorry, I don't know how to get there.
Enter note:
Enter note:
Enter note:
Enter note:
Enter note:
Enter note:
Enter note:
Enter note:
Enter note:
Enter note:
Enter note:
Enter note: Really walk into that cloud of poison gas?
You are engulfed in poison gas.
You are lethally poisoned!
Ouch! That really hurt!
You die...

###############
###############
#######################
#.........##¤¤0¤¤¤0¤¤0#
#.........##¤¤0¤0¤¤00¤#
#.........##¤¤0¤¤0¤¤¤¤#
###.......¤¤##¤0@¤¤¤¤0¤0#
..........0¤0¤¤¤¤!¤¤¤¤0¤#
###..(....0¤#00¤¤0¤######
# #.........#¤¤¤#¤¤######
# #.......¤¤¤¤####¤######
###.......¤¤0.....¤######
..........0¤.....########
######...##...###########
##............##...######


There were no monsters in sight!

Vanquished Creatures
  An endoplasm (D:1)
  A goblin (D:1)
  2 hobgoblins (D:1)
  A ball python (D:1)
  A frilled lizard (D:1)
  A rat (D:1)
7 creatures vanquished.

Notes
Turn   | Place    | Note
-------+----------+-------------------------------------------
     0 | D:1      | qw the Deep Elf Hunter began the quest for the Orb.
     0 | D:1      | Reached XP level 1. HP: 12/12 MP: 3/3
     0 | D:1      | 0 ||| qw: Version: 0.3-a-22-g0ed2b0b
     0 | D:1      | 0 ||| qw: Game counter: 6044
     0 | D:1      | 0 ||| qw: Melee chars always use a shield: true
     0 | D:1      | 0 ||| qw: God list: Okawaru
     0 | D:1      | 0 ||| qw: Allow faded altars: false
     0 | D:1      | 0 ||| qw: Do Orc after clearing Dungeon:15 true
     0 | D:1      | 0 ||| qw: Do second Lair branch before Depths: true
     0 | D:1      | 0 ||| qw: Lair rune preference: random
     0 | D:1      | 0 ||| qw: Goals: Normal
     0 | D:1      | 0 ||| PLANNING D:1-11
   114 | D:1      | Found Ysumeiq's Magic Scroll Shop.
   121 | D:1      | 121 ||| SHOPLISTING scroll of identify (24 gold, have 10).
   360 | D:1      | 360 ||| UPGRADING to +0 ring mail.
   370 | D:1      | 370 ||| DROPPING +0 leather armour.
   371 | D:1      | 371 ||| UPGRADING to ring of see invisible.
   372 | D:1      | 372 ||| READING scroll labelled USTRUE JUAVE.
   373 | D:1      | 373 ||| READING 3 scrolls labelled TIFYWNUOGU.
   374 | D:1      | 374 ||| READING scroll labelled XEHOTAGISA.
   375 | D:1      | 375 ||| READING scroll labelled QEMMURCHUTEI.
   376 | D:1      | 376 ||| READING 2 scrolls of identify.
   376 | D:1      | 376 ||| IDENTIFYING bubbling ruby potion
   377 | D:1      | 377 ||| DROPPING scroll of butterflies.
   378 | D:1      | 378 ||| DROPPING potion of berserk rage.
   379 | D:1      | Succumbed to their own poison gas

Levels and vault maps discovered:
D:1:      dpeg_arrival_pond, layout_rooms, serial_shops, shop,
          minmay_pentomino_s2

Action                     || total
---------------------------++-------
   Fire: Shortbow          ||    14
    Use: Scroll            ||     5

Table legend:
 A = Non-vault XP
 B = Vault XP
 C = Vault XP percentage of total XP
 D = Non-vault monster count
 E = Vault monster count
 F = Vault count percentage of total count
                 A         B        C        D         E       F
            +---------+---------+-------+---------+---------+-------
      Total |       9 |       2 |  18.2 |       6 |       1 |  14.3
            +---------+---------+-------+---------+---------+-------
        D:1 |       9 |       2 |  18.2 |       6 |       1 |  14.3
            +---------+---------+-------+---------+---------+-------
